 Dungeon Crawl Stone Soup version bcrawl-1.19.2-6-g6a88ae04c9 (webtiles) character file.

Game seed: 15353155018785120219

2453 Freyura the Shield-Bearer (level 9, -2/74 HPs)
             Began as a Gnoll Fighter on Jan 3, 2020.
             Was a Follower of Ashenzari.
             Slain by a troll (6 damage)
             ... on level 6 of the Dungeon.
             The game lasted 00:23:37 (6199 turns).

Freyura the Shield-Bearer (Gnoll Fighter)           Turns: 6199, Time: 00:23:38

Health: -2/74      AC: 12    Str: 23    XL:     9   Next: 50%
Magic:  0/15       EV: 17    Int: 12    God:    Ashenzari [*.....]
Gold:   401        SH: 15    Dex: 22    Spells: 16/16 levels left

rFire    . . .     SeeInvis .   a - +1 long sword (curse)
rCold    . . .     Gourm    .   c - +0 shield (curse)
rNeg     . . .     Faith    .   b - +0 scale mail
rPois    .         Spirit   +   w - +2 hat {MR+} (curse)
rElec    .         Reflect  .   (no cloak)
rCorr    .         Harm     .   s - +1 pair of gloves (curse)
MR       +....                  (no boots)
Stlth    +++.......             n - amulet of guardian spirit
HPRegen  0.22/turn              (no ring)
MPRegen  0.14/turn              (no ring)

@: mighty, agile
A: distributed training, fangs 1, strong nose
a: Curse Item, Scrying, Renounce Religion


You were on level 6 of the Dungeon.
You worshipped Ashenzari.
Ashenzari was aware of your devotion.
You were not hungry.

You visited 1 branch of the dungeon, and saw 7 of its levels.

You collected 401 gold pieces.

Inventory:

Hand Weapons
 a - a cursed +1 long sword (weapon)
Armour
 b - a +0 scale mail (worn)
 c - a cursed +0 shield (worn)
 e - a +2 pair of gloves
 s - a cursed +1 pair of gloves (worn)
 w - a cursed +2 hat of magic resistance (worn)
Jewellery
 n - an amulet of guardian spirit (around neck)
 v - a cursed ring of ice
Wands
 h - a wand of random effects (13)
Scrolls
 g - a scroll of remove curse
 l - 4 scrolls of teleportation
 m - a scroll of enchant weapon
 y - a scroll of torment
 A - a scroll of immolation
Potions
 d - a potion of might
 i - 2 potions of lignification
 j - a potion of flight {unknown}
 o - a potion of curing
 p - a potion of mutation
 q - a potion of magic
 r - a potion of resistance
 x - a potion of haste
Comestibles
 f - 8 rations {!d}


   Skills:
 + Level 7.9 Fighting
 + Level 4.2 Short Blades
 + Level 6.3 Long Blades
 + Level 4.2 Axes
 + Level 4.2 Maces & Flails
 + Level 4.2 Polearms
 + Level 4.2 Staves
 + Level 4.2 Slings
 + Level 4.2 Bows
 + Level 4.2 Crossbows
 + Level 4.2 Throwing
 + Level 7.9 Armour
 + Level 4.2 Dodging
 + Level 4.2 Stealth
 + Level 7.9 Shields
 + Level 4.2 Unarmed Combat
 + Level 4.2 Spellcasting
 + Level 3.4 Conjurations
 + Level 3.4 Hexes
 + Level 3.4 Charms
 + Level 3.4 Summonings
 + Level 3.4 Necromancy
 + Level 3.4 Translocations
 + Level 3.4 Transmutations
 + Level 3.4 Fire Magic
 + Level 3.4 Ice Magic
 + Level 3.4 Air Magic
 + Level 3.4 Earth Magic
 + Level 3.4 Poison Magic
 + Level 4.6 Invocations
 + Level 4.2 Evocations


You had 16 spell levels left.
You didn't know any spells.
Your spell library contained the following spells:

 Spells                   Type           Power        Failure   Level  Hunger
 Beastly Appendage        Tmut           ##....       28%         1    None
 Corona                   Hex            ##.....      28%         1    None
 Ensorcelled Hibernation  Hex/Ice        ##....       41%         2    ##.....
 Sticks to Snakes         Tmut           ##......     41%         2    ##.....
 Confuse                  Hex            ##......     65%         3    ###....
 Dazzling Spray           Conj/Hex       ##....       65%         3    ###....
 Spider Form              Tmut/Pois      ##.          65%         3    ###....
 Tukima's Dance           Hex            ##......     65%         3    ###....
 Ice Form                 Ice/Tmut       ##......     96%         4    ####...
 Blade Hands              Tmut           ##........   100%        5    ######.
 Iskenderun's Battlesphe  Conj/Chrm      ##......     100%        5    ######.
 Iron Shot                Conj/Erth      ##........   100%        6    #######
 Poison Arrow             Conj/Pois      ##........   100%        6    #######
 Orb of Destruction       Conj           ##........   100%        7    #######
 Spellforged Servitor     Conj/Summ      ##........   100%        7    #######


Dungeon Overview and Level Annotations

Branches:
Dungeon (7/12)
 Temple: D:4-7         Lair: D:7-9

Altars:
Ashenzari
Makhleb
Okawaru
Sif Muna
Uskayaw
Vehumet
Yredelemnul


Innate Abilities, Weirdness & Mutations

Your experience applies equally to all skills.
You have very sharp teeth.
Your uncanny sense of smell can sniff out nearby items.


Message History

The troll is heavily wounded.
You feel sick. You block the troll's attack. x3
The worker ant bites you but does no damage.
You feel better. You block the troll's attack.
The troll claws you but does no damage. You block the troll's attack.
The worker ant bites you but does no damage.
You feel agile all of a sudden. You block the worker ant's attack.
The troll closely misses you. You block the troll's attack.
The troll misses you.
You feel very mighty all of a sudden. You block the worker ant's attack.
You block the troll's attack. The troll closely misses you.
The troll claws you.
* * * LOW HITPOINT WARNING * * *
You closely miss the troll.
The troll is heavily wounded.
You block the worker ant's attack. You block the troll's attack.
The troll claws you!
* * * LOW HITPOINT WARNING * * *
The troll claws you!
You die...

#.#.......##.#..........#...###
.............#................##
........##.#...................#
......####.....................#
....### ##.................#...#
......###....#.............##.##
.............##...#........####
.............####.#........#
..............#.@T.........##
#.....#..........a.[........#
......................###.###
...............(#....## ###
>##....##......#.#....##
###....###....#####....#
.....### ##..## #....# ......#
#### #....## ......## ##....#


You could see a troll and a worker ant.

Vanquished Creatures
  Joseph (D:7)
  2 hippogriffs (D:7)
  A water moccasin (D:4)
  A necrophage (D:7)
  An ogre (D:6)
  3 sky beasts
  2 phantoms
  A centaur (D:5)
  3 bullfrogs (D:6)
  A scorpion (D:4)
  A howler monkey (D:6)
  2 centaur zombies
  A crimson imp (D:5)
  4 hounds
  An orc priest (D:4)
  2 jellies
  2 iguanas (D:4)
  5 worker ants
  2 hound skeletons (D:6)
  A worker ant zombie (D:5)
  3 adders
  2 shadow imps
  2 oozes (D:5)
  An adder skeleton (D:6)
  7 worms
  3 dart slugs
  A leopard gecko (D:1)
  8 orcs
  2 ball pythons
  9 bats
  4 giant cockroaches
  15 hobgoblins
  11 jackals
  A quokka (D:2)
  5 frilled lizards
  9 goblins
  A jackal skeleton (D:4)
  7 kobolds
  2 leopard gecko skeletons
  A quokka zombie (D:5)
  3 rats
134 creatures vanquished.

Vanquished Creatures (others)
  A plant (D:7)
1 creature vanquished.

Grand Total: 135 creatures vanquished

Notes
Turn   | Place    | Note
-------+----------+-------------------------------------------
     0 | D:1      | Freyura the Gnoll Fighter began the quest for the Orb.
     0 | D:1      | Reached XP level 1. HP: 23/23 MP: 1/1
   156 | D:1      | Reached XP level 2. HP: 29/29 MP: 2/2
   623 | D:1      | Reached XP level 3. HP: 35/35 MP: 3/3
   984 | D:2      | Reached skill level 1 in Invocations
  1355 | D:2      | Reached skill level 1 in Short Blades
  1355 | D:2      | Reached skill level 1 in Axes
  1355 | D:2      | Reached skill level 1 in Maces & Flails
  1355 | D:2      | Reached skill level 1 in Polearms
  1355 | D:2      | Reached skill level 1 in Staves
  1355 | D:2      | Reached skill level 1 in Slings
  1355 | D:2      | Reached skill level 1 in Bows
  1355 | D:2      | Reached skill level 1 in Crossbows
  1355 | D:2      | Reached skill level 1 in Throwing
  1355 | D:2      | Reached skill level 1 in Dodging
  1355 | D:2      | Reached skill level 1 in Stealth
  1355 | D:2      | Reached skill level 1 in Unarmed Combat
  1355 | D:2      | Reached skill level 1 in Spellcasting
  1355 | D:2      | Reached skill level 1 in Evocations
  1482 | D:2      | Reached XP level 4. HP: 41/41 MP: 5/5
  2078 | D:3      | Reached skill level 1 in Conjurations
  2078 | D:3      | Reached skill level 1 in Hexes
  2078 | D:3      | Reached skill level 1 in Charms
  2078 | D:3      | Reached skill level 1 in Summonings
  2078 | D:3      | Reached skill level 1 in Necromancy
  2078 | D:3      | Reached skill level 1 in Translocations
  2078 | D:3      | Reached skill level 1 in Transmutations
  2078 | D:3      | Reached skill level 1 in Fire Magic
  2078 | D:3      | Reached skill level 1 in Ice Magic
  2078 | D:3      | Reached skill level 1 in Air Magic
  2078 | D:3      | Reached skill level 1 in Earth Magic
  2078 | D:3      | Reached skill level 1 in Poison Magic
  2078 | D:3      | Reached XP level 5. HP: 43/47 MP: 6/6
  2515 | D:3      | Found a burning altar of Makhleb.
  2793 | D:4      | Noticed a water moccasin
  2801 | D:4      | Killed a water moccasin
  2801 | D:4      | Reached XP level 6. HP: 45/53 MP: 8/8
  3155 | D:4      | Reached skill level 5 in Long Blades
  3183 | D:4      | Found a radiant altar of Vehumet.
  3206 | D:4      | Found a burning altar of Makhleb.
  3214 | D:4      | Found an iron altar of Okawaru.
  3219 | D:4      | Found a basalt altar of Yredelemnul.
  3226 | D:4      | Found a shimmering blue altar of Sif Muna.
  3235 | D:4      | Found a shattered altar of Ashenzari.
  3239 | D:4      | Became a worshipper of Ashenzari the Shackled
  3252 | D:4      | Found a hide-covered altar of Uskayaw.
  3438 | D:4      | Noticed a phantom
  3465 | D:4      | Killed a phantom
  3465 | D:4      | Reached XP level 7. HP: 52/59 MP: 8/10
  3956 | D:5      | Entered Level 5 of the Dungeon
  4265 | D:5      | Reached XP level 8. HP: 55/67 MP: 10/12
  5526 | D:7      | Noticed a hippogriff
  5550 | D:7      | Reached * piety under Ashenzari
  5550 | D:7      | Noticed a hippogriff
  5882 | D:7      | Noticed a troll
  5883 | D:7      | Killed a hippogriff
  5883 | D:7      | Reached XP level 9. HP: 66/70 MP: 14/14
  5899 | D:7      | Noticed Joseph
  5936 | D:7      | Killed Joseph
  6199 | D:6      | Slain by a troll

Skill      XL: |  1  2  3  4  5  6  7  8  9 |
---------------+----------------------------+-----
Invocations    | 1 2 3 4 |  4.6
Short Blades   | 1 2 3 4 |  4.2
Axes           | 1 2 3 4 |  4.2
Maces & Flails | 1 2 3 4 |  4.2
Polearms       | 1 2 3 4 |  4.2
Staves         | 1 2 3 4 |  4.2
Slings         | 1 2 3 4 |  4.2
Bows           | 1 2 3 4 |  4.2
Crossbows      | 1 2 3 4 |  4.2
Throwing       | 1 2 3 4 |  4.2
Dodging        | 1 2 3 4 |  4.2
Stealth        | 1 2 3 4 |  4.2
Unarmed Combat | 1 2 3 4 |  4.2
Spellcasting   | 1 2 3 4 |  4.2
Evocations     | 1 2 3 4 |  4.2
Conjurations   | 1 2 3 |  3.4
Hexes          | 1 2 3 |  3.4
Charms         | 1 2 3 |  3.4
Summonings     | 1 2 3 |  3.4
Necromancy     | 1 2 3 |  3.4
Translocations | 1 2 3 |  3.4
Transmutations | 1 2 3 |  3.4
Fire Magic     | 1 2 3 |  3.4
Ice Magic      | 1 2 3 |  3.4
Air Magic      | 1 2 3 |  3.4
Earth Magic    | 1 2 3 |  3.4
Poison Magic   | 1 2 3 |  3.4
Long Blades    | 5 6 |  6.3
Fighting       | 7 |  7.9
Armour         | 7 |  7.9
Shields        | 7 |  7.9

Action                   |  1- 3 |  4- 6 |  7- 9 || total
-------------------------+-------+-------+-------++-------
Melee: Long sword        |   124 |   158 |   347 ||   629
       Bite              |    10 |    16 |    49 ||    75
Invok: Curse Item        |       |     3 |     1 ||     4
Evoke: Wand              |       |       |     1 ||     1
  Use: Scroll            |     2 |       |    20 ||    22
       Potion            |       |       |     3 ||     3
  Eat: Chunk             |     2 |     6 |     4 ||    12
       Ration            |       |       |     2 ||     2
Armor: Scale mail        |    40 |    47 |   154 ||   241
Dodge: Dodged            |    23 |    43 |   105 ||   171
Block: Shield            |    80 |    87 |   225 ||   392
